 Dungeon Crawl Stone Soup version 0.30-a0-696-g2367cd04db (webtiles) character file.

Game seed: 382153512897253764

23 wormed the Caller (level 2, 0/19 HPs)
             Began as a Demonspawn Summoner on Jan 20, 2023.
             Succumbed to an adder's poison
             ... on level 2 of the Dungeon.
             The game lasted 00:03:13 (1235 turns).

wormed the Caller (Demonspawn Summoner)             Turns: 1235, Time: 00:03:13

Health: 0/19       AC:  5    Str:  8    XL:     2   Next: 75%
Magic:  3/4        EV: 11    Int: 22    God:
Gold:   53         SH:  0    Dex: 13    Spells: 4/5 levels left

rFire   . . .      SeeInvis .    (no weapon)
rCold   . . .      Faith    .    (no shield)
rNeg    . . .      Spirit   .    n - +0 leather armour
rPois   .          Reflect  .    (no helmet)
rElec   .          Harm     .    (no cloak)
rCorr   .          Rampage  .    (no gloves)
Will    .....                    m - +1 pair of boots
Stlth   ++                       (no amulet)
HPRegen 0.23/turn                a - +6 ring of intelligence
MPRegen 0.09/turn                (no ring)

@: lethally poisoned (0 -> -2), invisible
A: powered by death 1, low MP 1, wild magic 1
a: no special abilities


You were on level 2 of the Dungeon.
You visited 1 branch of the dungeon, and saw 2 of its levels.

You collected 53 gold pieces.

Inventory:

Armour
 m - a +1 pair of boots (worn)
 n - a +0 leather armour (worn)
Jewellery
 a - a +6 ring of intelligence (left hand)
Potions
 b - a potion of magic
 f - a potion of attraction
 l - a potion of lignification {unknown}


   Skills:
 - Level 1.7 Dodging
 - Level 1.7 Stealth
 + Level 2.4 Spellcasting
 + Level 1.1 Hexes
 + Level 4.3 Summonings


You had 4 spell levels left.
You knew the following spells:

 Your Spells              Type           Power      Damage    Failure   Level
a - Summon Small Mammal   Summ           100%       N/A       5%          1

Your spell library contained the following spells:

 Spells                   Type           Power      Damage    Failure   Level
 Call Imp                 Summ           28%        N/A       8%          2
 Call Canine Familiar     Summ           28%        N/A       14%         3
 Freeze                   Ice            12%        1d3       26%         1
 Summon Guardian Golem    Hex/Summ       19%        N/A       26%         3
 Frozen Ramparts          Ice            6%         1d1       58%         3
 Hailstorm                Conj/Ice       3%         3d3       58%         3
 Summon Lightning Spire   Summ/Air       15%        N/A       69%         4


Dungeon Overview and Level Annotations

Branches:
Dungeon (2/15)

Altars:


Innate Abilities, Weirdness & Mutations

You regenerate a little health from kills.
Your magical capacity is low. (-10% MP)
Your spells are a little harder to cast, but a little more powerful.


Message History

You feel sick. The adder bites you but does no damage.
Your quokka closely misses the adder.
The adder bites you but does no damage.
Your quokka closely misses the adder.
You barely miss the adder.
The adder is moderately wounded.
You feel sick. The adder closely misses you.
Your quokka closely misses the adder.
You hit the adder.
The adder is heavily wounded.
You feel sick. The adder bites you.
Your quokka misses the adder. You barely miss the adder.
The adder is heavily wounded.
You feel sick. The adder barely misses you.
Your quokka barely misses the adder.
The adder bites you.
You are lethally poisoned!
The adder poisons you!
You are too injured to fight recklessly!
The adder attacks as you move away! The adder closely misses you.
* * * LOW HITPOINT WARNING * * *
You feel very sick.
Your quokka barely misses the adder.
You fade into invisibility!
* * * LOW HITPOINT WARNING * * *
You feel sick.
Your quokka bites the adder.
The adder barely misses your quokka.
Your quokka closely misses the adder.
Casting: Summon Small Mammal (safe; 3% risk of failure)
Confirm with . or Enter, or press ? or * to list all spells.
* * * LOW HITPOINT WARNING * * *
You feel sick.
The adder bites your quokka but does no damage.
Your quokka closely misses the adder.
The adder closely misses your quokka.
* * * LOW HITPOINT WARNING * * *
You feel sick.
Your quokka misses the adder. The adder closely misses your quokka.
* * * LOW HITPOINT WARNING * * *
You feel sick.
Your quokka barely misses the adder.
The adder misses your quokka.
It was a potion of mutation.
You feel extremely strange.
You feel less energetic.
You feel less in control of your magic.
You die...

.......P.♣ ............P
............♣ ............
######### ...........#
#........ ...........#
#........
.....>.....########........
......r...@.......#........
.......Sr.........#........
..................#>.......
...................)....<..
.........######'###........
.........# #.#.......#.#
######...# #.#.#######.#
#...# #.#.#..§..#.# #...#
#.#.#)###.#..


You could see an adder (unable to see you, ally target) and 2 friendly quokkas.

Vanquished Creatures
  A kobold (D:1)
  3 bats
  2 rats (D:1)
6 creatures vanquished.

Vanquished Creatures (collateral kills)
  A bat (D:1)
  2 endoplasms (D:1)
  3 hobgoblins (D:1)
  4 kobolds
  A quokka (D:1)
  2 ball pythons (D:1)
  2 frilled lizards (D:1)
  3 rats (D:1)
18 creatures vanquished.

Grand Total: 24 creatures vanquished

Notes
Turn   | Place    | Note
-------+----------+-------------------------------------------
     0 | D:1      | wormed the Demonspawn Summoner began the quest for the Orb.
     0 | D:1      | Reached XP level 1. HP: 13/13 MP: 3/3
   379 | D:1      | Gained mutation: You regenerate a little health from kills.
                  | [demonic ancestry]
   379 | D:1      | Reached XP level 2. HP: 10/19 MP: 1/5
   662 | D:1      | Reached skill level 1 in Hexes
  1067 | D:1      | Identified a scroll of acquirement
  1067 | D:1      | Acquired a +6 ring of intelligence
  1235 | D:2      | Gained mutation: Your magical capacity is low. (-10% MP)
                  | [potion of mutation]
  1235 | D:2      | Gained mutation: Your spells are a little harder to cast,
                  | but a little more powerful. [potion of mutation]
  1235 | D:2      | Succumbed to an adder's poison

Illustrated notes

Levels and vault maps discovered:
D:1:      minmay_arrival_loop, layout_basic, st_stairs_5, minmay_box_of_dots
D:2:      layout_basic, ebering_ecumenical_altar_petrified, minmay_between

Skill      XL: |  1  2 |
---------------+-------+-----
Hexes          | 1 |  1.1
Dodging        | |  1.7
Stealth        | |  1.7
Spellcasting   | |  2.4
Summonings     | |  4.3

Action                   || total
-------------------------++-------
Melee: Unarmed           ||    92
       Punch             ||     2
 Cast: Summon Small Mamm ||    49
  Use: Scroll            ||     7
       Potion            ||     2
 Stab: Distracted        ||     1
       Sleeping          ||     1
Armor: Robe              ||    27
       Leather armour    ||    12
Dodge: Dodged            ||    97

Table legend: (Time is in decaauts)
 A = Elapsed time spent in this place.
 B = Non-inter-level travel time spent in this place.
 C = Inter-level travel time spent in this place.
 D = Time resting spent in this place.
 E = Time spent auto-exploring this place.
 F = Levels seen in this place.
 G = Mean time per level.
                   A        B        C        D        E       F      G
               +--------+--------+--------+--------+--------+-----+--------+
         Total |   1234 |   1102 |    132 |      0 |    734 |   2 |  617.0 |
       Dungeon |   1234 |   1102 |    132 |      0 |    734 |   2 |  617.0 |
               +--------+--------+--------+--------+--------+-----+--------+

Top non-repeatable levels by time:
     D:1: 1135 daAuts
     D:2: 98 daAuts
